 Dungeon Crawl Stone Soup version 0.19-a0-1670-gc28a5d9 (webtiles) character file.

1860 Reeven the Covert (level 8, -2/36 HPs)
             Began as a Felid Berserker on Sept 20, 2016.
             Was an Elder of Trog.
             Slain by a six-headed hydra (9 damage)
             ... on level 9 of the Dungeon on Sept 21, 2016.
             The game lasted 00:50:18 (8074 turns).

Reeven the Covert (Felid Berserker)                 Turns: 8074, Time: 00:50:19

Health: -2/36      AC:  2    Str: 14    XL:     8   Next: 89%
Magic:  9/9        EV: 28    Int: 10    God:    Trog [****..]
Gold:   226        SH:  0    Dex: 19    Spells: 0 memorised, 7 levels left
                                        Lives:  0   Deaths: 2

rFire  . . .     SeeInvis +       - Unarmed
rCold  . . .     Gourm    .     (armour unavailable)
rNeg   . . .     Faith    .     (shield unavailable)
rPois  .         Spirit   .     (helmet unavailable)
rElec  .         Dismiss  .     (cloak unavailable)
rCorr  .         Reflect  .     (gloves unavailable)
MR     +....     Harm     .     (boots unavailable)
Stlth  +++++++...               (no amulet)
                                u - ring of stealth
                                v - +2 ring of dexterity

@: quick
A: no armour, no weapons or thrown items, claws 1, fangs 3, see invisible,
carnivore 3, speed 1, shaggy fur 2, slow metabolism 1, sharp paws
a: Berserk, Trog's Hand, Brothers in Arms, Burn Spellbooks, Renounce Religion


You were on level 9 of the Dungeon.
You worshipped Trog.
Trog was greatly pleased with you.
You were not hungry.

You visited 2 branches of the dungeon, and saw 11 of its levels.

You collected 422 gold pieces.
You spent 196 gold pieces at shops.

Inventory:

Jewellery
 j - an uncursed ring of wizardry
 l - a cursed ring of loudness {unknown}
 t - a cursed amulet of inaccuracy {unknown}
 u - a ring of stealth (right paw)
 v - a +2 ring of dexterity (left paw)
Wands
 k - a wand of iceblast (9/15)
 A - a wand of enslavement (7/24)
Scrolls
 c - a scroll of fear {unknown}
 e - 7 scrolls of remove curse
 f - 4 scrolls of teleportation
 i - a scroll of random uselessness {unknown}
 m - a scroll of magic mapping
 n - a scroll of blinking {unknown}
 o - 11 scrolls of identify
 p - 2 scrolls of enchant armour
 q - a scroll of immolation {unknown}
 w - 2 scrolls of enchant weapon
 y - 2 scrolls of noise {unknown}
 z - 2 scrolls of amnesia {unknown}
 C - a scroll of recharging {unknown}
Potions
 b - 2 potions of flight {unknown}
 g - a potion of resistance {unknown}
 h - 2 potions of brilliance {unknown}
 r - 2 potions of magic {unknown}
 s - 2 potions of haste
 x - a potion of degeneration {unknown}
 D - 2 potions of agility {unknown}
 E - a potion of mutation {unknown}
Comestibles
 a - 5 meat rations
 B - 2 slices of pizza


   Skills:
 + Level 4.2 Fighting
 * Level 11.1 Dodging
 * Level 12.0 Stealth
 + Level 10.2 Unarmed Combat
 * Level 1.3 Evocations


You had 7 spell levels left.
You didn't know any spells.

Dungeon Overview and Level Annotations

Branches:
Dungeon (10/15)            Temple (1/1) D:5
   Lair: D:8-11         Orc: D:9-12

Altars:
Cheibriados
Elyvilon
Fedhas
Gozag
Hepliaklqana
Kikubaaqudgha
Makhleb
Nemelex Xobeh
Trog
Uskayaw
Vehumet
Yredelemnul
Zin
The Shining One

Shops:
D:5 !

Annotations:
D:6 TheGoonsmith's ghost, novice OpFE


Innate Abilities, Weirdness & Mutations

You cannot wear armour.
You are incapable of wielding weapons or throwing items.
You have sharp claws.
You have razor-sharp teeth.
You have supernaturally acute eyesight. (SInv)
You are carnivorous and can eat meat at any time.
You cover ground quickly.
You are covered in thick fur. (AC +2)
You have a slow metabolism.
Your sharp claws are effective at attacking unaware monsters.


Message History

You start waiting.
Done waiting.
Welcome back, Reeven the Felid Berserker.
Trog says: Kill them all!
Press ? for a list of commands and other information.
You climb upwards.
The six-headed hydra bites you.
The six-headed hydra completely misses you.
The six-headed hydra barely misses you. The six-headed hydra bites you!
The six-headed hydra completely misses you.
The six-headed hydra barely misses you.
The six-headed hydra completely misses you. x3
The six-headed hydra bites you!
* * * LOW HITPOINT WARNING * * *
The six-headed hydra completely misses you.
The six-headed hydra misses you.
There is a stone staircase leading down, spattered with blood here.
The six-headed hydra completely misses you.
The six-headed hydra misses you. x2; The six-headed hydra barely misses you.
The six-headed hydra bites you!
You die...

#.....+.....'....#
#....)#.....#....#
#.....#.....#....#
#.....#######....#
###............(...####
......................#
............D.........#
....>...########.D....#
........# #@.....#
........# #......#
........# #......#
........# #......#
........# #......##
####'#..# #.......#
.....#..# #.......#
.....#..# #.......#
.....'..# #.......#


You could see a six-headed hydra.

Vanquished Creatures
  A death knight (D:8)
  A centaur warrior (D:8)
  Pikel (D:7)
  A harpy (shapeshifter) (D:9)
  Joseph (D:8)
  A meliai (D:8)
  A wyvern (D:8)
  A hungry ghost (D:6)
  2 sky beasts
  3 slaves (D:7)
  An ice beast (D:6)
  4 ogres
  2 black bears
  2 centaurs
  A big kobold (D:5)
  2 bullfrogs
  A scorpion (D:8)
  3 howler monkeys
  5 crimson imps
  A centaur zombie (D:3)
  A wasp zombie (D:8)
  8 hounds
  2 jellies
  Crazy Yiuf (D:7)
  A bullfrog skeleton (D:8)
  A centaur skeleton (D:7)
  2 iguanas
  4 orc wizards
  2 worker ants
  2 hound zombies
  A howler monkey zombie (D:7)
  10 adders
  3 shadow imps
  An ooze (D:7)
  2 adder skeletons
  A worm (D:3)
  2 dart slugs
  4 leopard geckos
  10 orcs
  4 bats
  2 giant cockroaches
  A goblin (D:2)
  8 hobgoblins
  15 jackals
  9 quokkas
  2 ball pythons
  3 frilled lizards
  27 kobolds
  7 rats
  A plant (D:5)
172 creatures vanquished.

Vanquished Creatures (collateral kills)
  A centaur warrior (D:9)
  An orc (D:6)
2 creatures vanquished.

Vanquished Creatures (others)
  2 ogres (D:6)
2 creatures vanquished.

Grand Total: 176 creatures vanquished

Notes
Turn   | Place    | Note
-------+----------+-------------------------------------------
     0 | D:1      | Reeven the Felid Berserker began the quest for the Orb.
     0 | D:1      | Reached XP level 1. HP: 10/10 MP: 2/2
   142 | D:1      | Reached skill level 1 in Stealth
   289 | D:1      | Reached XP level 2. HP: 14/14 MP: 3/3
   472 | D:2      | Reached skill level 2 in Stealth
   472 | D:2      | Reached XP level 3. HP: 17/17 MP: 4/4
   542 | D:2      | Reached skill level 5 in Dodging
   718 | D:2      | Reached ** piety under Trog
   739 | D:2      | Reached XP level 4. HP: 9/21 MP: 5/5
  1276 | D:3      | Reached skill level 3 in Stealth
  1418 | D:3      | Reached XP level 5. HP: 24/24 MP: 6/6
  1593 | D:3      | Found a blossoming altar of Fedhas.
  2442 | D:4      | Noticed an ogre
  2449 | D:4      | Killed an ogre
  2449 | D:4      | Reached skill level 4 in Stealth
  2449 | D:4      | Gained mutation: You are covered in thick fur. (AC +2) [Felid growth]
  2449 | D:4      | Reached XP level 6. HP: 28/28 MP: 7/7
  2761 | D:4      | Reached skill level 5 in Stealth
  2941 | D:4      | Reached skill level 5 in Unarmed Combat
  3309 | D:5      | Entered Level 5 of the Dungeon
  3370 | D:5      | Reached *** piety under Trog
  3473 | D:5      | Found Zoath's Distillery.
  3481 | D:5      | Bought a potion of heal wounds for 70 gold pieces
  3481 | D:5      | Bought a potion of curing for 42 gold pieces
  3481 | D:5      | Bought a potion of curing for 42 gold pieces
  3481 | D:5      | Bought a potion of curing for 42 gold pieces
  3483 | D:5      | Found a staircase to the Ecumenical Temple.
  3492 | Temple   | Entered the Ecumenical Temple
  3840 | D:5      | Reached skill level 6 in Stealth
  3840 | D:5      | Reached XP level 7. HP: 30/31 MP: 8/8
  4409 | D:5      | Found a sparkling altar of Nemelex Xobeh.
  4409 | D:5      | Found a radiant altar of Vehumet.
  4409 | D:5      | Found a basalt altar of Yredelemnul.
  4419 | D:5      | Found a white marble altar of Elyvilon.
  4945 | D:6      | Noticed TheGoonsmith's ghost (novice OpFE)
  5014 | D:6      | Noticed a hungry ghost
  5027 | D:6      | Killed a hungry ghost
  5027 | D:6      | Reached skill level 7 in Stealth
  5027 | D:6      | Reached XP level 8. HP: 21/36 MP: 9/9
  5631 | D:7      | Reached skill level 8 in Stealth
  5673 | D:7      | Reached **** piety under Trog
  5909 | D:7      | Noticed Pikel
  5958 | D:7      | Killed Pikel
  5958 | D:7      | Reached skill level 9 in Stealth
  5958 | D:7      | Reached XP level 9. HP: 12/39 MP: 10/10
  6205 | D:7      | Found a runed door.
  6209 | D:7      | Noticed Crazy Yiuf
  6212 | D:7      | Killed Crazy Yiuf
  6413 | D:8      | Noticed a meliai
  6415 | D:8      | Killed a meliai
  6429 | D:8      | Noticed a death knight
  6447 | D:8      | Killed a death knight
  6447 | D:8      | Reached skill level 10 in Dodging
  6447 | D:8      | Reached skill level 10 in Stealth
  6640 | D:8      | Noticed a centaur warrior
  6647 | D:8      | Killed a centaur warrior
  6647 | D:8      | Reached XP level 10. HP: 42/42 MP: 11/11
  6811 | D:8      | Noticed Joseph
  6826 | D:8      | Killed Joseph
  6826 | D:8      | Reached skill level 11 in Stealth
  7288 | D:8      | Reached skill level 10 in Unarmed Combat
  7626 | D:9      | Noticed a centaur warrior
  7630 | D:9      | Noticed a six-headed hydra
  7660 | D:9      | Shot with an arrow by a centaur warrior
  7661 | D:9      | Reached XP level 9. HP: -14/39 MP: 10/10
  7725 | D:9      | Killed a centaur warrior
  7725 | D:9      | Reached skill level 1 in Evocations
  7734 | D:9      | Noticed a harpy
  7745 | D:9      | HP: 2/58 [harpy (shapeshifter) (11)]
  7745 | D:9      | Slain by a harpy (shapeshifter)
  7746 | D:9      | Reached XP level 8. HP: -4/54 MP: 9/9
  7753 | D:9      | Upgraded the game from 0.19-a0-1655-gdd95918 to 0.19-a0-1670-gc28a5d9
  7759 | D:9      | Killed a harpy
  7759 | D:9      | Reached skill level 12 in Stealth
  7804 | D:10     | Entered Level 10 of the Dungeon
  8074 | D:9      | Slain by a six-headed hydra

Vault maps used:
D:1:      dpeg_arrival_three_same_balls
D:3:      lemuel_round_altar, first_bread, supply_closet_lemuel
D:5:      kennysheep_kobold_camp, minitemple, serial_shops, shop
D:6:      minmay_misc_feat_columns, minmay_three_doors
D:7:      uniq_pikel, uniq_crazy_yiuf_cottage
D:8:      minmay_diamond_stairs, uniq_joseph
D:9:      minmay_bloctagon_deflated, serial_shops, kennysheep_little_box,
          grunt_pizzeria
D:10:     uniq_erica
Temple:   eino_temple_scatter_basement

Skill      XL: |  1  2  3  4  5  6  7  8  9 10 |
---------------+-------------------------------+-----
Stealth        | 1 2 3 4 6 7 12 10 11 | 12.0
Dodging        | 5 6 7 9 10 11 | 11.1
Unarmed Combat | 4 5 6 8 9 10 | 10.2
Fighting       | 4 |  4.2
Evocations     | 1 |  1.3

Action                   |  1- 3 |  4- 6 |  7- 9 | 10-12 || total
-------------------------+-------+-------+-------+-------++-------
Melee: Unarmed           |    86 |   178 |   271 |    48 ||   583
       Bite              |     4 |    16 |    30 |     5 ||    55
       Punch             |     2 |     5 |    14 |     4 ||    25
Invok: Berserk           |     1 |       |     5 |     1 ||     7
       Trog's Hand       |       |       |     1 |     1 ||     2
       Burn Spellbooks   |       |       |     1 |       ||     1
       Brothers in Arms  |       |       |     1 |       ||     1
Evoke: Wand              |       |       |     4 |       ||     4
  Use: Potion            |     1 |     1 |     7 |     1 ||    10
       Scroll            |       |       |     6 |       ||     6
 Stab: Sleeping          |     5 |     9 |    12 |     9 ||    35
       Distracted        |       |       |       |     1 ||     1
  Eat: Chunk             |     6 |     8 |    16 |     4 ||    34
Armor: Skin              |     4 |     7 |    12 |     1 ||    24
Dodge: Dodged            |    69 |   139 |   291 |    39 ||   538
